 Dungeon Crawl Stone Soup version 0.29-a0-284-gf9362112df (webtiles) character file.

Game seed: 212284140905999779

9872 spaghetti the Unseen (level 11, -4/86 (103) HPs)
             Began as a Deep Dwarf Delver on Mar 24, 2022.
             Was an Elder of Ru.
             Slain by a five-headed hydra (7 damage)
             ... on level 3 of the Lair of Beasts on Mar 25, 2022.
             The game lasted 00:30:21 (6851 turns).

spaghetti the Unseen (Deep Dwarf Delver)            Turns: 6851, Time: 00:30:21

HP:   -4/86 (103)   AC:  7    Str: 17    XL:     11   Next: 28%
MP:   3/3           EV: 18    Int: 18    God:    Ru [****..]
Gold: 311           SH:  0    Dex: 18    Spells: 10/10 levels left

rFire   . . .      SeeInvis .   h - +11 rapier "Menorush" {pain, Contam Will+ Stlth+, short}
rCold   . . .      Faith    +   (no shield)
rNeg    . . .      Spirit   .   w - +0 troll leather armour
rPois   .          Reflect  .   (no helmet)
rElec   .          Harm     .   (no cloak)
rCorr   .          Rampage  .   (no gloves)
Will    ++...                   q - +2 pair of boots
Stlth   ++++++++..              p - amulet of faith {!P}
HPRegen 0.00/turn               r - +6 ring of intelligence
MPRegen 0.08/turn               C - +6 ring of strength

@: exhausted, heavily drained
A: damage resistance, heal wounds, sense surroundings 2, inability to use
devices, inability to train armour, missing an eye, no regeneration, low MP 1,
weak 2, wild magic 1
a: Heal Wounds, Renounce Religion, Sacrifice Love, Sacrifice Courage, Sacrifice
Purity, Reject Sacrifices, Draw Out Power, Power Leap


You were on level 3 of the Lair of Beasts.
You worshipped Ru.
Ru was greatly pleased with you.
You visited 3 branches of the dungeon, and saw 18 of its levels.

You collected 399 gold pieces.
You spent 88 gold pieces at shops.


Innate Abilities, Weirdness & Mutations

You are resistant to damage.
You can heal yourself by infusing magical energy.
You passively map the area around you.
You cannot study or use magical devices.
You cannot train Armour skill.
You are missing an eye, making it more difficult to aim.
You do not regenerate.
Your magical capacity is low. (-10% MP)
You are very weak. (Str -4)
Your spells are a little harder to cast, but a little more powerful.


   Skills:
 + Level 8.0 Fighting
 - Level 1.7 Short Blades
 * Level 10.3 Dodging
 - Level 17.3 Stealth


You had 10 spell levels left.
You didn't know any spells.
Your spell library contained the following spells:

 Spells                   Type           Power      Damage    Failure   Level
 Summon Small Mammal      Summ           0%         N/A       34%         1
 Call Canine Familiar     Summ           0%         N/A       71%         3
 Dazzling Flash           Conj/Hex       0%         N/A       71%         3
 Summon Guardian Golem    Hex/Summ       0%         N/A       71%         3
 Iskenderun's Mystic Bla  Conj/Tloc      0%         2d3       97%         4
 Olgreb's Toxic Radiance  Pois           0%         N/A       97%         4
 Summon Lightning Spire   Summ/Air       0%         N/A       97%         4
 Starburst                Conj/Fire      0%         6d3       100%        6
 Ozocubu's Refrigeration  Ice            0%         4d5       100%        7
 Storm Form               Tmut/Air       0%         N/A       100%        7
 Ignition                 Fire           0%         3d3       100%        8
 Maxwell's Capacitive Co  Air            0%         ∞         100%        8

Inventory:

Hand Weapons
 a - a +0 short sword {short}
 h - the +11 rapier "Menorush" (weapon) {pain, Contam Will+ Stlth+, short}
   (You found it on level 5 of the Dungeon)

   In the hands of one skilled in necromantic magic, it inflicts extra damage on
   living creatures.
   Contam:    It causes magical contamination when unequipped.
   Will:      It increases your willpower.
   Stlth:     It makes you more stealthy.
 u - a +0 demon whip {mace}
   (You found it on level 2 of the Lair of Beasts)
 B - a +0 lajatang {staff}
   (You found it on level 2 of the Lair of Beasts)
Missiles
 i - 301 stones {throwing}
 k - 4 curare-tipped darts {=fthrowing}
 l - 8 poisoned darts {throwing}
 m - a throwing net {=f!fthrowing}
 v - 3 boomerangs {throwing}
Armour
 b - a +0 leather armour
 q - a +2 pair of boots (worn)
   (You found it on level 3 of the Dungeon)
 w - a +0 troll leather armour (worn)
   (You found it on level 8 of the Dungeon)
Magical Staves
 t - a staff of conjuration {!a@e2staff}
   (You found it on level 7 of the Dungeon)
Jewellery
 e - a ring of protection from fire
   (You found it on level 1 of the Lair of Beasts)
 p - an amulet of faith (around neck) {!P}
   (You found it on level 3 of the Dungeon)
 r - a +6 ring of intelligence (left hand)
   (You found it on level 6 of the Dungeon)
 x - a ring of resist corrosion
   (You found it on level 8 of the Dungeon)
 C - a +6 ring of strength (right hand)
   (You found it on level 4 of the Lair of Beasts)
 D - a ring of see invisible
   (You found it on level 6 of the Lair of Beasts)
 E - a ring of protection from cold
   (You found it on level 4 of the Lair of Beasts)
Wands
 g - a wand of digging (2)
 j - a wand of acid (4)
   (You found it on level 3 of the Dungeon)
 y - a wand of flame (6)
   (You found it on level 9 of the Dungeon)
 A - a wand of iceblast (4)
   (You found it on level 10 of the Dungeon)
Scrolls
 c - 2 scrolls of fog
 d - 3 scrolls of magic mapping {!r}
 f - a scroll of vulnerability {!r!r}
 n - a scroll of enchant armour
 s - 2 scrolls of immolation {!r!r}
 z - a scroll of enchant weapon
 F - a scroll of identify {@r1}
Potions
 o - 3 potions of curing {@q1}
 G - a potion of ambrosia

Dungeon Overview and Level Annotations

Branches:
Dungeon (11/15)            Temple (1/1) D:5            Lair (6/6) D:11
  Swamp (0/4) Lair:4        Slime (0/5) Lair:5
  Snake: Lair:2-4    Spider: Lair:2-4       Orc: D:9-12

Altars:
Ashenzari
Cheibriados
Dithmenos
Gozag
Kikubaaqudgha
Okawaru
Qazlal
Ru
Trog
Vehumet
Wu Jian
Xom
Yredelemnul

Shops:
D:1 :   D:7 *?   D:8 (

Annotations:
D:2 exclusion: worm
D:4 exclusions: ogre and steam dragon, Menkaure, Natasha
D:5 exclusions: 7 doors and hornet
D:7 exclusion: door
D:8 exclusions: steam dragon, 2 yaks and 1 more exclusion
D:9 exclusions: 3 killer bees and 2 orcs
D:11 exclusion: oklob plant
Lair:4 3 runed translucent doors, exclusion: bog body, Wobig's ghost, journeyman DEFE; Xatratt's ghost, journeyman DsMo
Lair:6 exclusions: boulder beetle and cane toad

,, , ,,, , * ,
?...... ...#
,...........##
,,..........>.*
, ...........# ,
.......#...## ,
, ............#
, , ,
......D:...#* ,
,.......@...##
≈* ,
............# ,
............# ≈
, ........?..##
............## ,
,,.......##....#
≈ ,
......###P...##
,.....#####...#
, ,
........##.†.##


You could see a five-headed hydra.


Message History

Okay, then.
Okay, then.
You hit the five-headed hydra. The five-headed hydra bites you!
The five-headed hydra completely misses you.
The five-headed hydra bites you!
* * * LOW HITPOINT WARNING * * *
You focus your inner power and illuminate the five-headed hydra in retribution!
The five-headed hydra barely misses you.
The five-headed hydra misses you. 😨 HP[-21]
You take 21 damage, and now have 45/91 hp.
MASSIVE DAMAGE!! (PAUSE) Unknown command.
You puncture the five-headed hydra! The five-headed hydra misses you.
The five-headed hydra completely misses you.
The five-headed hydra closely misses you. x2
The five-headed hydra bites you!
* * * LOW HITPOINT WARNING * * *
😨 HP[-9]
You take 9 damage, and now have 36/91 hp.
Unknown command.
You puncture the five-headed hydra!
The five-headed hydra completely misses you.
The five-headed hydra misses you. The five-headed hydra bites you.
The five-headed hydra barely misses you.
The five-headed hydra bites you!
* * * LOW HITPOINT WARNING * * *
The five-headed hydra misses you.
The five-headed hydra closely misses you.
The five-headed hydra bites you.
* * * LOW HITPOINT WARNING * * *
The five-headed hydra bites you but does no damage. x2 😨 HP[-10]
You take 10 damage, and now have 26/91 hp.
Unknown command.
You puncture the five-headed hydra!
The five-headed hydra closely misses you.
The five-headed hydra bites you.
* * * LOW HITPOINT WARNING * * *
The five-headed hydra closely misses you.
The five-headed hydra bites you!
* * * LOW HITPOINT WARNING * * *
The five-headed hydra bites you but does no damage. 😱 HP[-11]
You take 11 damage, and now have 15/91 hp.
Unknown command.
You are restored by drawing out deep reserves of power within.
You feel drained. The five-headed hydra bites you.
* * * LOW HITPOINT WARNING * * *
The five-headed hydra bites you.
* * * LOW HITPOINT WARNING * * *
The five-headed hydra barely misses you.
The five-headed hydra bites you but does no damage.
The five-headed hydra bites you!
* * * LOW HITPOINT WARNING * * *
😨 HP[+18]
You now have 86 max hp (-5).
You regained 18 hp, and now have 33/86 hp.
You completely miss the five-headed hydra.
You punch the five-headed hydra.
The five-headed hydra completely misses you. x2
The five-headed hydra bites you but does no damage.
The five-headed hydra closely misses you.
The five-headed hydra bites you!
* * * LOW HITPOINT WARNING * * *
😨 HP[-10]
You take 10 damage, and now have 23/86 hp.
You puncture the five-headed hydra!
The five-headed hydra closely misses you.
The five-headed hydra bites you but does no damage.
The five-headed hydra bites you. x2
* * * LOW HITPOINT WARNING * * *
The five-headed hydra barely misses you.
Ru believes you are ready to make a new sacrifice. 😱 HP[-3]
You take 3 damage, and now have 20/86 hp.
You puncture the five-headed hydra! The five-headed hydra bites you.
* * * LOW HITPOINT WARNING * * *
The five-headed hydra bites you!
* * * LOW HITPOINT WARNING * * *
The five-headed hydra barely misses you.
The five-headed hydra bites you.
* * * LOW HITPOINT WARNING * * *
The five-headed hydra bites you. 😱 HP[-14]
You take 14 damage, and now have 6/86 hp.
Unknown command.
You hit the five-headed hydra but do no damage.
The five-headed hydra stops glowing.
The five-headed hydra barely misses you.
The five-headed hydra misses you.
The five-headed hydra closely misses you. x2
The five-headed hydra misses you.
You puncture the five-headed hydra! The five-headed hydra misses you.
The five-headed hydra bites you.
* * * LOW HITPOINT WARNING * * *
The five-headed hydra barely misses you.
The five-headed hydra bites you!
You die...

Skill      XL: |  1  2  3  4  5  6  7  8  9 10 11 |
---------------+----------------------------------+-----
Stealth        | 7 8 10 11 13 16 17 | 17.3
Fighting       | 5 7 8 |  8.0
Dodging        | 3 9 10 | 10.3
Short Blades   | |  1.7

Action                   |  1- 3 |  4- 6 |  7- 9 | 10-12 || total
-------------------------+-------+-------+-------+-------++-------
Melee: Rapier            |     6 |    73 |   144 |   190 ||   413
       Punch             |       |       |       |     2 ||     2
Invok: Sacrifice an Eye  |       |       |     1 |       ||     1
       Draw Out Power    |       |       |     1 |    20 ||    21
       Sacrifice Artific |       |       |     1 |       ||     1
       Power Leap        |       |       |       |     1 ||     1
       Sacrifice Durabil |       |       |       |     1 ||     1
 Abil: Heal Wounds       |       |       |    10 |     6 ||    16
Evoke: Wand              |       |     1 |    11 |       ||    12
  Use: Potion            |       |     2 |     8 |     4 ||    14
       Scroll            |       |     4 |     6 |     1 ||    11
 Stab: Distracted        |     1 |       |       |     1 ||     2
       Sleeping          |     4 |    24 |    19 |    11 ||    58
Armor: Leather armour    |       |    11 |    13 |       ||    24
       Troll leather arm |       |       |    33 |    47 ||    80
       Skin              |       |       |    27 |       ||    27
Dodge: Dodged            |       |    22 |   134 |   246 ||   402

Levels and vault maps discovered:
D:1:      tarquinn_simple_flora_water_e, layout_basic, serial_shops, shop,
          hangedman_glass_teeth, st_stairs_1
D:2:      layout_loops_ring, basic_altar, minmay_hedge_maze,
          kennysheep_generic_room_13
D:3:      layout_basic, grunt_gozag_statues,
          shapermc_ecumenical_altar_hornbeckon, minmay_misc_feat_enclosed,
          uniq_grinder
D:4:      layout_loops_corners, mainiacjoe_overflow_small_starburst,
          kennysheep_generic_room_6, uniq_menkaure, uniq_natasha
D:5:      layout_gridville, nicolae_ashenzari_skybound,
          minmay_temple_entry_statues_pillars, uniq_ijyb
D:6:      layout_basic, st_stairs_10, nicolae_shop_firing_range, uniq_edmund,
          uniq_prince_ribbit1, uniq_crazy_yiuf_cottage
D:7:      layout_gridville, serial_shops, nicolae_shop_crystal, kennysheep_mini,
          nicolae_shop_stone, nicolae_take_the_stairs, nicolae_square_shop,
          chequers_mini_garden
D:8:      layout_loops_corners, serial_ice, serial_ice_j, serial_ice_n,
          serial_ice_b, serial_ice_d, special_room [special_room_orc],
          columned_hall_lemuel, doesnt_shop_hydraphobe, uniq_psyche
D:9:      layout_loops_ring, orc_david_3, special_room [special_room_orc],
          enter_bailey_7, serial_bayou_lagoon_a
D:10:     layout_cave_pools, serial_gnoll_camp, gnoll_camp_mini_house,
          gnoll_camp_mini_hut, gnoll_camp_mini_doghouse, gnoll_camp_mini_hut,
          gnoll_camp_mini_doghouse, gnoll_camp_mini_hut,
          chequers_serial_rivers_small_3
D:11:     layout_irregular_city, dpeg_oklobed_lair, serial_column_ruins,
          column_ruins_columns_straight, column_ruins_open_medium,
          column_ruins_open_small, column_ruins_open_tiny, column_ruins_grid_3,
          column_ruins_open_medium
Temple:   mainiacjoe_temple_bowtie_tessellation
Lair:1:   layout_chaotic_city, lemuel_old_faithful, grunt_megastairs_5,
          uniq_grum
Lair:2:   layout_long_grid, grunt_megastairs_2, infiniplex_staircase_pool,
          uniq_amaemon
Lair:3:   layout_gridlike, dummy_spider_entry, ebering_ghost_inner_flame,
          chequers_serial_rivers_micro_b
Lair:4:   layout_big_grid, skrybe_swamp_entry_bodies, gammafunk_ghost_cemetery,
          nicolae_lair_lil_pond
Lair:5:   layout_cellular_growth, minmay_slime_entry_pillars
Lair:6:   minmay_lair_end_frog_pond, layout_gridlike, uniq_snorg

Notes
Turn   | Place    | Note
-------+----------+-------------------------------------------
     0 | D:5      | spaghetti the Deep Dwarf Delver began the quest for the
                  | Orb.
     0 | D:5      | Reached XP level 1. HP: 20/20 MP: 1/1
     0 | D:5      | magus.rc [v1.9.6]
    87 | D:5      | Identified the +11 rapier "Menorush" {pain, Contam Will+
                  | Stlth+}
   104 | D:4      | Noticed a steam dragon
   116 | D:4      | Reached XP level 2. HP: 27/27 MP: 2/2
   138 | D:4      | Noticed Natasha
   141 | D:4      | Killed Natasha
   142 | D:4      | Reached skill level 7 in Stealth
   142 | D:4      | Reached XP level 3. HP: 24/33 MP: 3/3
   154 | D:4      | Noticed an ogre
   270 | D:4      | Noticed Natasha
   323 | D:4      | Noticed Menkaure
   327 | D:4      | Reached skill level 8 in Stealth
   327 | D:4      | Reached XP level 4. HP: 29/40 MP: 4/4
   352 | D:3      | Noticed Grinder
   388 | D:2      | Found a stormy altar of Qazlal.
   753 | D:1      | Found Ruroaxem's Book Shop.
  1161 | D:3      | Killed Grinder
  1162 | D:3      | Reached skill level 10 in Stealth
  1162 | D:3      | Reached XP level 5. HP: 28/46 MP: 5/5
  1162 | D:3      | Reached XP level 6. HP: 33/55 MP: 6/6
  1909 | D:3      | Found an opulent altar of Gozag.
  1917 | D:3      | You pick up a book of Callings and begin reading...
  1917 | D:3      | You add the spells Summon Small Mammal, Call Canine
                  | Familiar and Summon Guardian Golem to your library.
  2338 | D:5      | Found a staircase to the Ecumenical Temple.
  2342 | D:5      | Reached skill level 11 in Stealth
  2349 | Temple   | Entered the Ecumenical Temple
  2396 | Temple   | Became a worshipper of Ru the Awakened
  2446 | D:5      | Found a broken altar of Ashenzari.
  2550 | D:5      | Noticed Ijyb
  2553 | D:5      | Noticed a hornet
  2555 | D:5      | Killed Ijyb
  2643 | D:5      | Reached XP level 7. HP: 29/61 MP: 7/7
  2845 | D:6      | Reached skill level 12 in Stealth
  2997 | D:6      | Noticed Prince Ribbit
  3008 | D:6      | Killed Prince Ribbit
  3009 | D:6      | Reached skill level 13 in Stealth
  3010 | D:6      | Noticed Edmund
  3012 | D:6      | Killed Edmund
  3013 | D:6      | Reached XP level 8. HP: 68/68 MP: 8/8
  3239 | D:7      | Found Filollus's Magic Scroll Shoppe.
  3293 | D:7      | Found Giappur's General Store.
  3303 | D:7      | Reached skill level 14 in Stealth
  3307 | D:7      | Bought a potion of mutation for 88 gold pieces
  3307 | D:7      | Gained mutation: Your magical capacity is low. (-10% MP)
                  | [potion of mutation]
  3307 | D:7      | Gained mutation: You are strong-willed. (Will+) [potion of
                  | mutation]
  3307 | D:7      | Gained mutation: Your mind is acute. (Int +2) [potion of
                  | mutation]
  3328 | D:6      | Gained mutation: You are missing an eye, making it more
                  | difficult to aim. [Ru sacrifice]
  3435 | D:8      | Noticed a troll
  3439 | D:8      | Killed a troll
  3440 | D:8      | Reached skill level 15 in Stealth
  3514 | D:8      | Noticed a polar bear
  3514 | D:8      | Noticed a polar bear
  3514 | D:8      | Noticed Psyche
  3515 | D:8      | Killed Psyche
  3552 | D:8      | Reached skill level 16 in Stealth
  3552 | D:8      | Gained mutation: You passively map the area around you.
                  | [Deep Dwarf growth]
  3552 | D:8      | Reached XP level 9. HP: 61/74 MP: 8/8
  3709 | D:8      | Noticed a troll
  3827 | D:8      | Lost mutation: Your magical capacity is low. (-10% MP)
                  | [potion of mutation]
  3827 | D:8      | Lost mutation: Your mind is acute. (Int +2) [potion of
                  | mutation]
  3827 | D:8      | Lost mutation: You are strong-willed. (Will+) [potion of
                  | mutation]
  3827 | D:8      | Gained mutation: Your spells are a little harder to cast,
                  | but a little more powerful. [potion of mutation]
  3863 | D:8      | Killed a troll
  3958 | D:8      | Found Qoma's Hydra Hut.
  3962 | D:8      | Noticed an eight-headed hydra
  4065 | D:8      | HP: 13/74 [orc warrior/+0 short sword (6)]
  4072 | D:8      | Reached skill level 17 in Stealth
  4338 | D:9      | You add the spells Olgreb's Toxic Radiance, Ozocubu's
                  | Refrigeration and Ignition to your library.
  4440 | D:9      | Noticed a two-headed ogre
  4481 | D:10     | Entered Level 10 of the Dungeon
  4556 | D:9      | Lost mutation: Your spells are a little harder to cast, but
                  | a little more powerful. [potion of mutation]
  4556 | D:9      | Gained mutation: You are weak. (Str -2) [potion of
                  | mutation]
  4556 | D:9      | Gained mutation: You have hidden genetic defects. [potion
                  | of mutation]
  4556 | D:9      | Gained mutation: Your spells are a little harder to cast,
                  | but a little more powerful. [potion of mutation]
  4570 | D:9      | You pick up a book of Spectacle and begin reading...
  4570 | D:9      | You add the spells Dazzling Flash, Iskenderun's Mystic
                  | Blast and Starburst to your library.
  4779 | D:9      | Reached skill level 3 in Fighting
  4791 | D:9      | HP: 20/114 [wyvern (9)]
  4804 | D:9      | HP: 28/114 [wyvern (6)]
  4808 | D:9      | Reached skill level 4 in Fighting
  4905 | D:10     | Gained mutation: You cannot study or use magical devices.
                  | [Ru sacrifice]
  4905 | D:10     | Reached * piety under Ru
  4905 | D:10     | Reached ** piety under Ru
  4905 | D:10     | Reached *** piety under Ru
  4932 | D:11     | Noticed an oklob plant
  4932 | D:11     | Found a staircase to the Lair.
  4935 | Lair:1   | Entered Level 1 of the Lair of Beasts
  4960 | Lair:1   | Noticed a polar bear
  4971 | Lair:1   | Killed a polar bear
  4972 | Lair:1   | Reached skill level 5 in Fighting
  4973 | Lair:1   | Gained mutation: Your magical capacity is low. (-10% MP)
                  | [hidden defects]
  5021 | Lair:1   | Noticed a cane toad
  5048 | Lair:1   | Noticed a komodo dragon
  5059 | Lair:2   | Noticed a black mamba
  5059 | Lair:2   | Noticed a cane toad
  5237 | Lair:2   | Reached skill level 3 in Dodging
  5288 | Lair:2   | You fall into a shaft and drop 2 floors!
  5382 | Lair:6   | Entered Level 6 of the Lair of Beasts
  5382 | Lair:6   | Noticed Snorg
  5382 | Lair:6   | Noticed a black mamba
  5387 | Lair:6   | Noticed a komodo dragon
  5393 | Lair:6   | Killed a komodo dragon
  5397 | Lair:6   | Reached XP level 10. HP: 82/91 MP: 5/5
  5399 | Lair:6   | Noticed a cane toad
  5399 | Lair:6   | Noticed a cane toad
  5414 | Lair:6   | Killed a black mamba
  5415 | Lair:6   | Reached skill level 4 in Dodging
  5415 | Lair:6   | Gained mutation: You are very weak. (Str -4) [hidden
                  | defects]
  5415 | Lair:6   | Lost mutation: You have hidden genetic defects. [hidden
                  | defects expressed]
  5421 | Lair:6   | Killed Snorg
  5422 | Lair:6   | Reached skill level 6 in Fighting
  5422 | Lair:6   | Reached skill level 5 in Dodging
  5437 | Lair:6   | Noticed a boulder beetle
  5509 | Lair:6   | Reached skill level 6 in Dodging
  5528 | Lair:6   | Noticed an elephant
  5528 | Lair:6   | Noticed an elephant
  5577 | Lair:6   | Noticed a cane toad
  5681 | Lair:4   | Noticed a bog body
  5682 | Lair:4   | Found a staircase to the Swamp.
  5683 | Lair:4   | Noticed a bog body
  5691 | Lair:4   | Gained mutation: You cannot train Armour skill. [Ru
                  | sacrifice]
  5691 | Lair:4   | Reached **** piety under Ru
  5703 | Lair:4   | Found a runed translucent gate.
  5703 | Lair:4   | Found a runed translucent gate.
  5703 | Lair:4   | Found a runed translucent gate.
  5703 | Lair:4   | Noticed Xatratt's ghost (journeyman DsMo)
  5708 | Lair:4   | Noticed a cane toad
  5712 | Lair:4   | Reached skill level 7 in Dodging
  5751 | Lair:6   | Noticed a cane toad
  5751 | Lair:6   | Noticed a cane toad
  5768 | Lair:5   | Killed a cane toad
  5886 | Lair:5   | Reached skill level 7 in Fighting
  5940 | Lair:5   | Reached skill level 8 in Dodging
  6264 | Lair:3   | You pick up a book of the Sky and begin reading...
  6264 | Lair:3   | You add the spells Summon Lightning Spire, Storm Form and
                  | Maxwell's Capacitive Coupling to your library.
  6314 | Lair:4   | HP: 18/75 [bog body (19)]
  6319 | Lair:4   | Killed a bog body
  6320 | Lair:4   | Reached skill level 9 in Dodging
  6320 | Lair:4   | Reached XP level 11. HP: 27/89 MP: 5/5
  6353 | Lair:4   | Noticed Wobig's ghost (journeyman DEFE)
  6483 | Lair:4   | HP: 17/80 [komodo dragon (10)]
  6488 | Lair:4   | HP: 17/80 [komodo dragon (21)]
  6490 | Lair:4   | HP: 8/80 [komodo dragon (9)]
  6732 | Lair:3   | Reached skill level 10 in Dodging
  6816 | Lair:3   | Reached skill level 8 in Fighting
  6837 | Lair:3   | Noticed a five-headed hydra
  6845 | Lair:3   | HP: 15/91 [five-headed hydra (9)]
  6849 | Lair:3   | HP: 6/86 [five-headed hydra (2)]
  6851 | Lair:3   | Slain by a five-headed hydra

Vanquished Creatures
  Snorg (Lair:6)
  A bog body (Lair:4)
  A black mamba (Lair:6)
  3 cane toads
  Psyche (D:8)
  3 komodo dragons
  2 rime drakes (Lair:3)
  2 polar bears
  2 trolls (D:8)
  Prince Ribbit (D:6)
  A blink frog (Lair:6)
  Grinder (D:3)
  3 wyverns
  3 yaks
  A vampire mosquito (Lair:5)
  Edmund (D:6)
  An acid dragon (D:8)
  6 water moccasins
  2 orc warriors
  A sky beast (D:6)
  2 black bears
  12 wolves
  A centaur (D:6)
  3 bullfrogs
  2 scorpions
  3 wights (D:8)
  5 killer bees
  2 howler monkeys
  A jelly (Lair:5)
  2 orc priests
  3 hounds
  2 iguanas
  Ijyb (D:5)
  Natasha (D:4)
  5 hell rats (Lair:6)
  A centaur simulacrum (D:8)
  5 adders
  A white imp (D:6)
  An ufetubus (D:6)
  A worm (D:2)
  2 dart slugs
  26 orcs
  4 ball pythons
  5 bats
  3 endoplasms
  4 giant cockroaches
  3 goblins
  3 hobgoblins
  2 jackals (D:2)
  4 kobolds
  3 quokkas
  5 frilled lizards
  3 rats
158 creatures vanquished.

Vanquished Creatures (others)
  19 fungi
  99 plants
  5 withered plants (Lair:4)
123 creatures vanquished.

Grand Total: 281 creatures vanquished

Table legend:
 A = Non-vault XP
 B = Vault XP
 C = Vault XP percentage of total XP
 D = Non-vault monster count
 E = Vault monster count
 F = Vault count percentage of total count
                 A         B        C        D         E       F
            +---------+---------+-------+---------+---------+-------
      Total |   10581 |    3522 |  25.0 |     124 |      34 |  21.5
            +---------+---------+-------+---------+---------+-------
        D:1 |      33 |       3 |   8.3 |      19 |       2 |   9.5
        D:2 |      39 |       2 |   4.9 |      13 |       2 |  13.3
        D:3 |      18 |     277 |  93.9 |       4 |       1 |  20.0
        D:4 |     138 |      35 |  20.2 |      12 |       1 |   7.7
        D:5 |     254 |      36 |  12.4 |       5 |       1 |  16.7
        D:6 |     477 |     460 |  49.1 |       8 |       3 |  27.3
        D:7 |     227 |       0 |   0.0 |       4 |       0 |   0.0
        D:8 |    1019 |     687 |  40.3 |      11 |      10 |  47.6
        D:9 |     477 |     160 |  25.1 |       5 |      10 |  66.7
       D:10 |     126 |       0 |   0.0 |       2 |       0 |   0.0
     Lair:1 |     389 |       0 |   0.0 |       2 |       0 |   0.0
     Lair:2 |     221 |       0 |   0.0 |       2 |       0 |   0.0
     Lair:3 |    2635 |       0 |   0.0 |      16 |       0 |   0.0
     Lair:4 |    2020 |     721 |  26.3 |       7 |       1 |  12.5
     Lair:5 |     972 |     213 |  18.0 |       4 |       2 |  33.3
     Lair:6 |    1536 |     928 |  37.7 |      10 |       1 |   9.1
            +---------+---------+-------+---------+---------+-------

Illustrated notes

Table legend:
 A = Kills in this place as a percentage of kills in entire the game.
 B = Kills by you in this place as a percentage of kills by you in the entire game.
 C = Kills by friends in this place as a percentage of kills by friends in the entire game.
 D = Other kills in this place as a percentage of other kills in the entire game.
 E = Experience gained in this place as a percentage of experience gained in the entire game.
 F = Experience gained in this place divided by the number of levels of this place that you have seen.
                   A       B       C       D       E      F
               +-------+-------+-------+-------+-------+----------------------
         Total | 100.0 | 100.0 |   N/A |   N/A | 100.0 | 783.5
       Dungeon |  71.5 |  71.5 |   N/A |   N/A |  31.7 | 406.2
          Lair |  28.5 |  28.5 |   N/A |   N/A |  68.3 | 1605.8
               +-------+-------+-------+-------+-------+----------------------

Table legend: (Time is in decaauts)
 A = Elapsed time spent in this place.
 B = Non-inter-level travel time spent in this place.
 C = Inter-level travel time spent in this place.
 D = Time resting spent in this place.
 E = Time spent auto-exploring this place.
 F = Levels seen in this place.
 G = Mean time per level.
                   A        B        C        D        E       F      G
               +--------+--------+--------+--------+--------+-----+--------+
         Total |   6892 |   6479 |    413 |    489 |   3344 |  18 |  382.9 |
       Dungeon |   4914 |   4603 |    311 |    158 |   2705 |  11 |  446.7 |
        Temple |     65 |     47 |     18 |      0 |     38 |   1 |   65.0 |
          Lair |   1911 |   1827 |     84 |    331 |    601 |   6 |  318.5 |
               +--------+--------+--------+--------+--------+-----+--------+

Top non-repeatable levels by time:
     D:8: 795 daAuts
     D:2: 726 daAuts
     D:1: 620 daAuts
  Lair:4: 606 daAuts
     D:4: 599 daAuts
     D:5: 583 daAuts
     D:9: 561 daAuts
  Lair:3: 366 daAuts
     D:6: 348 daAuts
  Lair:5: 314 daAuts
     D:3: 309 daAuts
  Lair:2: 261 daAuts
  Lair:6: 226 daAuts
     D:7: 194 daAuts
    D:10: 173 daAuts
